AoeStats
← 76561199495878758

Arena

510526331Analyzed
4v4 RM · 17h ago on Oct 1, 2026· 46m 38s· 8 players
Game mode
Random Map
Map size
Large (8 player)
Population
200
Speed
Normal
Resources
Standard
Victory
Conquest
Starting age
Dark Age
Ending age
Imperial Age
RankedLock teamsTeams togetherTeam positionsShared explorationLock speedFull tech treeHidden civsTurbo modeCheats
Victory
Defeat
🇭🇰 Gurjaras · Hong Kong SAR China
826
+17
🇨🇳 Celts · China
803
+18
🇨🇳 Poles · China
778
+19
🇹🇼 Britons · Taiwan
745
+19
🇲🇽 Persians · Mexico
890
-20
🇨🇳 Burgundians · China
863
-19
🇨🇳 Spanish · China
850
-19
🇨🇳 Khitans · China
756
-15
hckwok823
9:46 Feudal Age
14:23 Castle Age
12:26 Double-Bit Axe
13:42 Loom
13:48 Horse Collar
22:15 Wheelbarrow
22:22 Gold Mining
23:02 Bow Saw
25:30 Bloodlines
26:01 Heavy Plow
26:49 Husbandry
27:08 Forging
27:30 Scale Barding Armor
28:40 Hand Cart
28:45 Town Watch
33:50 Imperial Age
32:59 Chain Barding Armor
35:12 Gold Shaft Mining
34:14 Heavy Camel Rider
36:05 Iron Casting
35:53 Stone Mining
37:10 Plate Barding Armor
37:30 Crop Rotation
39:12 Chemistry
38:48 Caravan
39:31 Conscription
40:29 Frontier Guards
40:16 Kshatriyas
40:49 Frontier Guards
42:26 Light Cavalry
44:37 Coinage
45:01 Fletching
45:11 Padded Archer Armor
45:20 Kshatriyas
45:16 Hussar
2769166824
1:58 Loom
10:40 Feudal Age
15:34 Castle Age
24:51 Double-Bit Axe
24:48 Horse Collar
26:27 Wheelbarrow
25:59 Heavy Plow
26:14 Bow Saw
29:56 Imperial Age
28:37 Hand Cart
28:34 Szlachta Privileges
28:43 Masonry
28:46 Forging
28:37 Scale Mail Armor
28:42 Scale Barding Armor
30:29 Iron Casting
30:07 Arson
30:22 Squires
29:42 Pikeman
30:44 Chain Mail Armor
30:13 Treadmill Crane
30:34 Gold Mining
30:34 Stone Mining
31:40 Chain Barding Armor
32:29 Crop Rotation
32:30 Husbandry
33:24 Stone Shaft Mining
33:55 Blast Furnace
32:35 Cavalier
33:26 Bloodlines
33:04 Light Cavalry
34:32 Plate Mail Armor
36:01 Town Watch
43:28 Siege Engineers
43:18 Murder Holes
45:14 Winged Hussar
46:21 Lechitic Legacy
46:27 Thumb Ring
Kanna Kamui
0:26 Loom
11:35 Feudal Age
13:06 Double-Bit Axe
13:03 Horse Collar
13:17 Gold Mining
15:37 Wheelbarrow
15:07 Stone Mining
19:34 Castle Age
18:15 Fletching
20:38 Bodkin Arrow
21:35 Bow Saw
23:24 Masonry
25:54 Ballistics
33:01 Imperial Age
32:07 Gold Shaft Mining
31:55 Yeomen
32:12 Padded Archer Armor
32:55 Forging
32:07 Pikeman
32:48 Squires
32:10 Man-at-Arms
32:57 Heavy Plow
34:11 Conscription
34:37 Architecture
34:14 Siege Engineers
35:45 Chemistry
34:53 Bracer
35:49 Hand Cart
35:48 Fortified Wall
36:01 Warwolf
37:17 Leather Archer Armor
37:25 Elite Longbowman
38:12 Murder Holes
37:57 Treadmill Crane
40:05 Iron Casting
40:00 Ring Archer Armor
39:37 Scale Barding Armor
40:42 Husbandry
40:58 Light Cavalry
wkn
4:17 Loom
11:00 Feudal Age
11:28 Horse Collar
11:35 Double-Bit Axe
18:39 Castle Age
18:52 Forging
20:28 Bow Saw
20:22 Heavy Plow
25:21 Gold Mining
26:55 Sanctity
26:45 Fervor
28:39 Stronghold
34:30 Imperial Age
31:24 Pikeman
33:04 Wheelbarrow
32:15 Town Watch
33:05 Ballistics
32:39 Arson
35:26 Halberdier
36:44 Hand Cart
37:53 Iron Casting
37:18 Scale Mail Armor
37:23 Town Patrol
38:26 Chemistry
37:37 Masonry
38:26 Siege Engineers
38:03 Capped Ram
41:01 Blast Furnace
40:16 Chain Mail Armor
40:45 Gold Shaft Mining
40:02 Stone Mining
40:15 Siege Ram
42:16 Stone Shaft Mining
43:07 Plate Mail Armor
42:47 Murder Holes
43:05 Fortified Wall
42:57 Elite Woad Raider
46:06 Onager
該死的安倍晉三
11:53 Feudal Age
11:06 Loom
12:19 Horse Collar
12:47 Double-Bit Axe
18:30 Castle Age
20:24 Wheelbarrow
21:05 Heavy Plow
24:51 Stone Mining
26:38 Fortified Wall
29:32 Fletching
32:22 Imperial Age
30:10 Hand Cart
30:16 Bodkin Arrow
30:23 Gold Mining
31:43 Padded Archer Armor
33:48 Ballistics
34:29 Chemistry
34:48 Bracer
35:56 Conscription
36:30 Elite Conquistador
38:53 Squires
39:40 Pikeman
40:34 Halberdier
42:39 Town Watch
RYOUSHI HAN
10:52 Feudal Age
16:14 Castle Age
15:11 Double-Bit Axe
15:10 Domestication
17:41 Bow Saw
17:32 Pastoralism
21:37 Fletching
21:58 Stone Mining
22:03 Gold Mining
22:13 Bodkin Arrow
25:49 Masonry
28:59 Stone Shaft Mining
33:09 Imperial Age
33:20 Wheelbarrow
33:47 Forging
33:38 Scale Mail Armor
33:40 Padded Archer Armor
33:50 Caravan
33:35 Treadmill Crane
34:15 Ballistics
34:57 Chemistry
34:06 Bracer
34:07 Scale Mail Armor
34:09 Padded Archer Armor
34:49 Ballistics
34:27 Murder Holes
34:47 Fortified Wall
35:00 Hand Cart
36:03 Thumb Ring
35:19 Elite Skirmisher
36:56 Squires
36:46 Arson
42:50 Iron Casting
42:33 Leather Archer Armor
42:53 Iron Casting
42:34 Chain Mail Armor
43:47 Town Watch
43:49 Loom
44:42 Lamellar Armor
Long
9:25 Feudal Age
9:13 Loom
17:37 Castle Age
16:03 Double-Bit Axe
24:32 Bow Saw
27:35 Imperial Age
25:08 Horse Collar
26:44 Wheelbarrow
27:38 Heavy Plow
30:21 Conscription
29:42 Elite War Elephant
36:12 Bloodlines
36:03 Husbandry
38:20 Forging
38:15 Scale Barding Armor
38:54 Crop Rotation
42:42 Iron Casting
42:27 Chain Barding Armor
43:13 Two-Man Saw
43:48 Stone Mining
43:51 Gold Mining
45:09 Blast Furnace
44:59 Plate Barding Armor
46:28 Gold Shaft Mining
46:41 Hand Cart
46:03 Light Cavalry
76561199495878758
10:48 Feudal Age
13:21 Double-Bit Axe
13:30 Horse Collar
17:59 Castle Age
17:52 Heavy Plow
18:11 Bow Saw
22:55 Gold Mining
23:00 Stone Mining
24:04 Wheelbarrow
24:26 Loom
26:47 Crop Rotation
27:21 Two-Man Saw
27:25 Pikeman
28:06 Squires
28:09 Husbandry
29:01 Hand Cart
31:26 Imperial Age
28:32 Cavalier
28:35 Light Cavalry
30:23 Gold Shaft Mining
30:26 Stone Shaft Mining
29:41 Treadmill Crane
30:14 Masonry
30:25 Ballistics
30:18 Fortified Wall
30:53 Murder Holes
31:30 Guilds
31:21 Caravan
32:53 Burgundian Vineyards
33:09 Conscription
33:43 Hoardings
34:16 Chemistry
33:58 Forging
33:54 Scale Barding Armor
33:51 Scale Mail Armor
34:39 Paladin
34:41 Hussar
34:44 Halberdier
36:43 Capped Ram
37:26 Elite Coustillier
38:32 Elite Skirmisher
Connection lost

Rejoining the realm…

Still unreachable

The connection could not be restored.

Session expired

The server has moved on; the page needs a fresh start.